 Dungeon Crawl Stone Soup version 0.31-a0-145-g046c7d2549 (webtiles) character file.

Game seed: 5951515954594295345

151 qw the Shooter (level 5, -1/46 HPs)
             Began as a Minotaur Hunter on June 7, 2023.
             Slain by a gnoll
             ... wielding a +0 halberd
              (10 damage)
             ... on level 3 of the Dungeon.
             The game lasted 00:00:54 (2120 turns).

qw the Shooter (Minotaur Hunter)                    Turns: 2120, Time: 00:00:54

Health: -1/46      AC:  6    Str: 16    XL:     5   Next: 11%
Magic:  4/4        EV: 11    Int:  6    God:
Gold:   120        SH:  0    Dex: 15    Spells: 4/4 levels left

rFire   . . .        Y - +0 shortbow
rCold   . . .        (shield currently unavailable)
rNeg    . . .        d - +0 ring mail
rPois   +            (helmet restricted)
rElec   .            e - +0 cloak
rCorr   .            (no gloves)
SInv    .            (no boots)
Will    .....        (no amulet)
Stlth   +            h - ring of poison resistance
HPRegen 0.27/turn    (no ring)
MPRegen 0.09/turn

%: no passive effects
@: about to teleport
A: horns 2, retaliatory headbutt
a: no special abilities


You were on level 3 of the Dungeon.
You visited 1 branch of the dungeon, and saw 3 of its levels.

You collected 120 gold pieces.


Innate Abilities, Weirdness & Mutations

You have a pair of horns on your head.
You reflexively headbutt those who attack you in melee.


   Skills:
 - Level 4.2 Fighting
 + Level 6.2 Ranged Weapons
 - Level 1.0 Armour
 - Level 2.1 Dodging
 - Level 0.7 Stealth


You had 4 spell levels left.
You didn't know any spells.
Your spell library was empty.

Inventory:

Hand Weapons
 Y - a +0 shortbow (weapon)
Armour
 d - a +0 ring mail (worn)
 e - a +0 cloak (worn)
Jewellery
 h - a ring of poison resistance (left hand)
Scrolls
 a - 2 scrolls of identify
Potions
 b - a potion of curing {unknown}
 c - a potion of attraction {unknown}
 f - a potion of degeneration {unknown}
 g - a potion of haste {unknown}
 i - a potion of heal wounds {unknown}
 l - a potion of invisibility {unknown}

Dungeon Overview and Level Annotations

Branches:
Dungeon (3/15)

Altars:
Cheibriados
Nemelex Xobeh
Wu Jian


Message History

Enter note:
Enter note:
Enter note:
Enter note:
Enter note:
Enter note:
Enter note:
Enter note:
Enter note:
Enter note:
Enter note:
Enter note: You shoot an arrow.
The arrow barely misses the gnoll.
The gnoll hits you with a +0 flail!
You shoot an arrow. The arrow hits the gnoll!
The gnoll is severely wounded.
The gnoll closely misses you. The gnoll hits you but does no damage.
You shoot an arrow. The arrow closely misses the gnoll.
The gnoll barely misses you. The gnoll closely misses you.
You shoot an arrow. The arrow closely misses the gnoll.
The gnoll misses you. The gnoll completely misses you.
The gnoll hits you from afar with a +0 halberd.
The gnoll hits you with a +0 flail!
You shoot an arrow. The arrow hits the gnoll!
You kill the gnoll!
The gnoll hits you from afar with a +0 halberd.
You shoot an arrow.
The arrow hits the gnoll but does no damage.
The gnoll hits you from afar with a +0 halberd.
You shoot an arrow. The arrow barely misses the gnoll.
The gnoll hits you from afar with a +0 halberd.
You shoot an arrow. The arrow barely misses the gnoll.
The gnoll closely misses you.
You shoot an arrow. The arrow completely misses the gnoll.
The gnoll hits you from afar with a +0 halberd. x2
2120 ||| READING scroll of teleportation.
As you read the scroll of teleportation, it crumbles to dust.
You feel strangely unstable.
The gnoll hits you from afar with a +0 halberd!
You die...

.# # .#
### .#
..# .#
#.######
.#
.......#
g#
#.####.#
#######)#
#.# #.#
#...).@.#
..# #.#
#.#######
######.#
#.#
.......#
#.#
########
#.# # #.#
# #.# #
#.# # #[#


You could see a gnoll.

Vanquished Creatures
  A hound (D:3)
  2 gnolls (D:3)
  3 adders
  A dart slug (D:3)
  A worm (D:2)
  An orc (D:3)
  5 ball pythons
  4 endoplasms
  5 giant cockroaches
  8 goblins
  4 hobgoblins
  6 jackals (D:1)
  5 quokkas
  3 bats
  8 frilled lizards
  4 kobolds
  8 rats
69 creatures vanquished.

Notes
Turn   | Place    | Note
-------+----------+-------------------------------------------
     0 | D:1      | qw the Minotaur Hunter began the quest for the Orb.
     0 | D:1      | Reached XP level 1. HP: 18/18 MP: 0/0
     0 | D:1      | 0 ||| qw: Version: 0.2-a-117-gc6b5c8b
     0 | D:1      | 0 ||| qw: Game counter: 2510
     0 | D:1      | 0 ||| qw: Always use a shield: true
     0 | D:1      | 0 ||| qw: God list: Okawaru
     0 | D:1      | 0 ||| qw: Allow faded altars: false
     0 | D:1      | 0 ||| qw: Do Orc after D:15 true
     0 | D:1      | 0 ||| qw: Do second Lair branch before Depths: true
     0 | D:1      | 0 ||| qw: Lair rune preference: random
     0 | D:1      | 0 ||| qw: Plans: Normal
     0 | D:1      | 0 ||| PLANNING D:1-11
    62 | D:1      | Reached XP level 2. HP: 25/25 MP: 1/1
   185 | D:1      | Reached skill level 5 in Ranged Weapons
   270 | D:1      | Found a faded altar of an unknown god.
   351 | D:1      | Reached skill level 3 in Fighting
   568 | D:1      | 568 ||| UPGRADING to ring of poison resistance.
   569 | D:1      | 569 ||| READING 2 scrolls labelled VELE BIASMAKK.
   570 | D:1      | 570 ||| READING scroll labelled SAXULA RODAE.
   571 | D:1      | 571 ||| READING scroll labelled EDUREU LENNU.
   576 | D:1      | 576 ||| DROPPING scroll of butterflies.
   603 | D:2      | Reached XP level 3. HP: 31/31 MP: 2/2
  1285 | D:2      | 1285 ||| UPGRADING to +0 ring mail.
  1295 | D:2      | 1295 ||| DROPPING +0 leather armour.
  1296 | D:2      | 1296 ||| UPGRADING to +0 cloak.
  1301 | D:2      | 1301 ||| READING scroll labelled BOYNUMO VYMI.
  1402 | D:2      | 1402 ||| READING scroll labelled VOXTUA AZAOMO.
  1403 | D:2      | 1403 ||| READING scroll labelled NOTHIPOOKI.
  1404 | D:2      | 1404 ||| READING scroll labelled QEISUA PAICAI.
  1405 | D:2      | 1405 ||| READING scroll labelled BUKLUH ICISEDWI.
  1406 | D:2      | 1406 ||| READING 2 scrolls of identify.
  1406 | D:2      | 1406 ||| IDENTIFYING cyan potion
  1407 | D:2      | 1407 ||| DROPPING potion of brilliance.
  1450 | D:3      | Reached skill level 1 in Armour
  1450 | D:3      | Reached XP level 4. HP: 38/38 MP: 3/3
  1497 | D:3      | Found a snail-covered altar of Cheibriados.
  1609 | D:3      | Reached skill level 6 in Ranged Weapons
  1668 | D:3      | Found an ornate altar of the Wu Jian Council.
  2056 | D:3      | Found a sparkling altar of Nemelex Xobeh.
  2105 | D:3      | Reached XP level 5. HP: 46/46 MP: 4/4
  2119 | D:3      | HP: 9/46 [gnoll/+0 halberd (4)]
  2120 | D:3      | 2120 ||| READING scroll of teleportation.
  2120 | D:3      | Slain by a gnoll

Levels and vault maps discovered:
D:1:      moated_graveyard_arrival, layout_rooms,
          shapermc_ecumenical_altar_totnotflames
D:2:      layout_basic
D:3:      layout_loops_ring, nemelex_diamond_rough_becter,
          nicolae_wu_jian_immortal_techniques, mainiacjoe_overflow_paths

Skill      XL: |  1  2  3  4 |
---------------+-------------+-----
Ranged Weapons | 5 6 |  6.2
Fighting       | 3 4 |  4.2
Armour         | 1 |  1.0
Dodging        | |  2.1
Stealth        | |  0.7

Action                     |  1- 3 |  4- 6 || total
---------------------------+-------+-------++-------
   Fire: Shortbow          |   131 |    67 ||   198
    Use: Scroll            |     9 |     1 ||    10
 Armour: Leather armour    |    19 |       ||    19
         Ring mail         |       |    15 ||    15
  Dodge: Dodged            |    32 |    24 ||    56

Table legend:
 A = Non-vault XP
 B = Vault XP
 C = Vault XP percentage of total XP
 D = Non-vault monster count
 E = Vault monster count
 F = Vault count percentage of total count
                 A         B        C        D         E       F
            +---------+---------+-------+---------+---------+-------
      Total |     217 |       0 |   0.0 |      69 |       0 |   0.0
            +---------+---------+-------+---------+---------+-------
        D:1 |      40 |       0 |   0.0 |      27 |       0 |   0.0
        D:2 |      46 |       0 |   0.0 |      20 |       0 |   0.0
        D:3 |     131 |       0 |   0.0 |      22 |       0 |   0.0
            +---------+---------+-------+---------+---------+-------
